[Event "EYTCC Girls U18 2022"]
[Site "Thessaloniki"]
[Date "2022.07.14"]
[Round "3.12"]
[White "Pert, Nina"]
[Black "Alexandri, Vasiliki"]
[Result "1-0"]
[ECO "C56"]
[WhiteElo "1703"]
[BlackElo "1527"]
[Annotator "NA"]
[PlyCount "101"]
[EventDate "2022.07.12"]
[EventType "team-tourn"]
[EventCountry "GRE"]
[SourceTitle "playchess.com"]
[Source "ChessBase"]
[SourceQuality "1"]
[WhiteTeam "England"]
[BlackTeam "Greece"]
[WhiteTeamCountry "ENG"]
[BlackTeamCountry "GRE"]
[TimeControl "40/5400+30:1800+30"]

1. e4 e5 2. Nf3 Nc6 3. Bc4 Nf6 4. d4 exd4 5. O-O Nxe4 6. Re1 d5 7. Bxd5 Qxd5 8. Nc3 Qa5 9. Nxe4 Be6 10. Bd2 Qb5 11. a4 Qd5 12. Bg5 h6 13. Bf6 Be7 14. Bxg7 Rg8 15. Nf6+ Bxf6 16. Bxf6 Rg6 17. Bh4 Kd7 18. Qe2 Rag8 19. Bg3 f5 20. Nh4 Rg4 21. f3 R4g7 22. Rad1 Re7 23. Qb5 Kc8 24. Qxd5 Bxd5 25. Nxf5 Rxe1+ 26. Rxe1 Rg6 27. Rd1 h5 28. Nxd4 b6 29. Nb5 Bc4 30. Nd4 Nxd4 31. Rxd4 Be6 32. Kf2 c5 33. Rd6 Bf5 34. c3 Rxd6 35. Bxd6 Kd7 36. Bf8 a5 37. Kg3 Ke6 38. Kh4 Bg6 39. Kg5 Be8 40. h4 Ke5 41. Be7 Kd5 42. Bd8 Kc6 43. Kf6 Kb7 44. g4 Bxa4 45. g5 Bb3 46. g6 a4 47. f4 b5 48. f5 Kc6 49. Ba5 Bc2 50. g7 Bb3 51. Ke7 1-0

[Event "EYTCC Girls U18 2022"]
[Site "Thessaloniki"]
[Date "2022.07.15"]
[Round "4.1"]
[White "Ruzic, Pia Marie"]
[Black "Lehaci, Miruna-Daria"]
[Result "1/2-1/2"]
[ECO "A28"]
[WhiteElo "2025"]
[BlackElo "2193"]
[Annotator "ChessBase"]
[PlyCount "93"]
[EventDate "2022.07.12"]
[EventType "team-tourn"]
[EventCountry "GRE"]
[SourceTitle "playchess.com"]
[Source "ChessBase"]
[SourceQuality "1"]
[WhiteTeam "Slovenia"]
[BlackTeam "Romania"]
[WhiteTeamCountry "SLO"]
[BlackTeamCountry "ROU"]
[TimeControl "40/5400+30:1800+30"]

1. c4 e5 2. Nc3 Nf6 3. Nf3 Nc6 4. e3 Bb4 5. Qc2 O-O 6. Be2 Re8 7. O-O e4 8. Nd4 Nxd4 9. exd4 d5 10. a3 Bd6 11. c5 Bf4 12. d3 e3 13. fxe3 Bxe3+ 14. Bxe3 Rxe3 15. Qd2 Re8 16. Rae1 c6 17. Bd1 Rxe1 18. Qxe1 Bg4 19. Bxg4 Nxg4 20. h3 Nh6 21. b4 Qd7 22. b5 Re8 23. bxc6 bxc6 24. Qg3 Nf5 25. Qf4 g6 26. Rb1 Qe7 27. Rb8 Rxb8 28. Qxb8+ Kg7 29. Qe5+ Qxe5 30. dxe5 f6 31. exf6+ Kxf6 32. Kf2 Ke5 33. g4 Nd4 34. Na2 a5 35. Nc1 Ne6 36. Nb3 a4 37. Na5 Nd8 38. Ke3 d4+ 39. Kf3 Kd5 40. Nc4 Kxc5 41. Nb2 Kb5 42. Ke4 c5 43. Kd5 Nc6 44. Nc4 Ne7+ 45. Kd6 Nc6 46. Kd5 Ne7+ 47. Ke4 1/2-1/2

[Event "EYTCC Girls U18 2022"]
[Site "Thessaloniki"]
[Date "2022.07.15"]
[Round "4.2"]
[White "Ciolacu, Alessia-Mihaela"]
[Black "Mihelic, Vesna"]
[Result "1/2-1/2"]
[ECO "A06"]
[WhiteElo "2163"]
[BlackElo "2029"]
[Annotator "ChessBase"]
[PlyCount "59"]
[EventDate "2022.07.12"]
[EventType "team-tourn"]
[EventCountry "GRE"]
[SourceTitle "playchess.com"]
[Source "ChessBase"]
[SourceQuality "1"]
[WhiteTeam "Romania"]
[BlackTeam "Slovenia"]
[WhiteTeamCountry "ROU"]
[BlackTeamCountry "SLO"]
[TimeControl "40/5400+30:1800+30"]

1. Nf3 d5 2. e3 Nf6 3. c4 e6 4. b3 Be7 5. Bb2 O-O 6. Nc3 c5 7. cxd5 exd5 8. d4 Bg4 9. Be2 Nc6 10. dxc5 Bxc5 11. O-O Rc8 12. Rc1 Be7 13. Nb5 Ne4 14. Nfd4 Bxe2 15. Qxe2 Nxd4 16. Nxd4 Bf6 17. Nf5 Rxc1 18. Rxc1 Qb6 19. Qg4 g6 20. Nh6+ Kg7 21. Ba3 Rd8 22. Nf5+ Kh8 23. Nh6 Kg7 24. Nf5+ Kh8 25. Nh6 Kg7 26. Nf5+ Kh8 27. Nh6 Kg7 28. Nf5+ Kh8 29. Nh6 Kg7 30. Nf5+ 1/2-1/2

[Event "EYTCC Girls U18 2022"]
[Site "Thessaloniki"]
[Date "2022.07.15"]
[Round "4.3"]
[White "Ziegenfuss, Antonia"]
[Black "Demeter, Dorina"]
[Result "0-1"]
[ECO "D11"]
[WhiteElo "2170"]
[BlackElo "2176"]
[Annotator "ChessBase"]
[PlyCount "106"]
[EventDate "2022.07.12"]
[EventType "team-tourn"]
[EventCountry "GRE"]
[SourceTitle "playchess.com"]
[Source "ChessBase"]
[SourceQuality "1"]
[WhiteTeam "Germany"]
[BlackTeam "Hungary"]
[WhiteTeamCountry "GER"]
[BlackTeamCountry "HUN"]
[TimeControl "40/5400+30:1800+30"]

1. d4 d5 2. c4 c6 3. Nf3 Nf6 4. e3 e6 5. Be2 dxc4 6. Bxc4 Nbd7 7. O-O b5 8. Be2 Nb6 9. Nbd2 Bb7 10. Nb3 Na4 11. Qc2 Nd5 12. a3 Bd6 13. Bd2 Bc7 14. Rfd1 O-O 15. Bd3 h6 16. Qc1 a5 17. e4 Ne7 18. Be3 Qb8 19. e5 f5 20. exf6 Rxf6 21. Ne5 Bxe5 22. dxe5 Rf7 23. Nd4 Qxe5 24. f4 Qc5 25. Qd2 Nd5 26. Rac1 Qd6 27. b3 Nb2 28. Re1 Nxe3 29. Qxb2 Rxf4 30. Rxe3 Qxd4 31. Qxd4 Rxd4 32. Be4 Rad8 33. Kf2 R8d6 34. Rc5 Rd2+ 35. Kg3 Ra2 36. b4 axb4 37. axb4 Ra4 38. Rb3 Kf7 39. Kf4 Rd4 40. Ke5 Rdxb4 41. Rf3+ Ke7 42. Bg6 Kd8 43. Rf7 Kc8 44. Rxg7 Rb2 45. Be4 Re2 46. Kd6 Rd4+ 47. Rd5 Rxd5+ 48. Bxd5 Kb8 49. Bxe6 c5 50. Bd7 c4 51. Rg8+ Ka7 52. Bxb5 Rd2+ 53. Ke5 Rd5+ 0-1

[Event "EYTCC Girls U18 2022"]
[Site "Thessaloniki"]
[Date "2022.07.15"]
[Round "4.4"]
[White "Sulyok, Eszter"]
[Black "Bashylina, Luisa"]
[Result "1/2-1/2"]
[ECO "A20"]
[WhiteElo "2091"]
[BlackElo "2041"]
[Annotator "ChessBase"]
[PlyCount "165"]
[EventDate "2022.07.12"]
[EventType "team-tourn"]
[EventCountry "GRE"]
[SourceTitle "playchess.com"]
[Source "ChessBase"]
[SourceQuality "1"]
[WhiteTeam "Hungary"]
[BlackTeam "Germany"]
[WhiteTeamCountry "HUN"]
[BlackTeamCountry "GER"]
[TimeControl "40/5400+30:1800+30"]

1. c4 e5 2. g3 c6 3. d4 e4 4. d5 Bb4+ 5. Bd2 Qe7 6. Bg2 Nf6 7. Nc3 O-O 8. Nh3 cxd5 9. cxd5 Bxc3 10. Bxc3 d6 11. O-O Bf5 12. Qb3 b6 13. f3 Nbd7 14. Qd1 h6 15. Kh1 Rfe8 16. Re1 Rac8 17. Rc1 Rc5 18. b4 Rxd5 19. Qb3 e3 20. Nf4 Rd2 21. Red1 Bc2 22. Rxc2 Rxd1+ 23. Bf1 Rxf1+ 24. Kg2 Rf2+ 25. Kg1 Ne5 26. Bxe5 Qxe5 27. Nd3 Qh5 28. Nxf2 exf2+ 29. Kxf2 Qxh2+ 30. Kf1 Nh5 31. e4 Nxg3+ 32. Ke1 Qg1+ 33. Kd2 Nf1+ 34. Ke2 Nh2 35. Kd2 Qf2+ 36. Kc1 Qf1+ 37. Kb2 Nxf3 38. Qa4 Rxe4 39. Qxa7 Rxb4+ 40. Ka3 Qb5 41. Rc8+ Kh7 42. Qa8 Qa5+ 43. Qxa5 bxa5 44. Rh8+ Kg6 45. Rxh6+ Kf5 46. Rh5+ Ke6 47. Re5+ Kd7 48. Re7+ Kc6 49. Rc7+ Kb6 50. Rc6+ Kb7 51. Rc7+ Kb8 52. Rc8+ Ka7 53. Ra8+ Kb6 54. Ra6+ Kc5 55. Rc6+ Kb5 56. Rc5+ Kb6 57. Rc6+ Ka7 58. Ra6+ Kb7 59. Ra7+ Kc6 60. Rc7+ Kd5 61. Rc5+ Kd4 62. Rd5+ Ke3 63. Rd3+ Ke4 64. Re3+ Kf5 65. Re5+ Kg4 66. Rg5+ Kh3 67. Rg3+ Kh4 68. Rh3+ Kg5 69. Rh5+ Kf4 70. Rf5+ Ke4 71. Re5+ Kd3 72. Re3+ Kd4 73. Rd3+ Kc5 74. Rd5+ Kc6 75. Rc5+ Kd7 76. Rc7+ Ke6 77. Re7+ Kf5 78. Re5+ Kg4 79. Rg5+ Kh4 80. Rh5+ Kg3 81. Rh3+ Kg2 82. Rg3+ Kh1 83. Rh3+ 1/2-1/2

[Event "EYTCC Girls U18 2022"]
[Site "Thessaloniki"]
[Date "2022.07.15"]
[Round "4.5"]
[White "Wikar, Martyna"]
[Black "Kara, Gulce Nehir"]
[Result "1/2-1/2"]
[ECO "B42"]
[WhiteElo "2208"]
[BlackElo "1907"]
[Annotator "ChessBase"]
[PlyCount "102"]
[EventDate "2022.07.12"]
[EventType "team-tourn"]
[EventCountry "GRE"]
[SourceTitle "playchess.com"]
[Source "ChessBase"]
[SourceQuality "1"]
[WhiteTeam "Poland"]
[BlackTeam "Turkey"]
[WhiteTeamCountry "POL"]
[BlackTeamCountry "TUR"]
[TimeControl "40/5400+30:1800+30"]

1. e4 c5 2. Nf3 e6 3. d4 cxd4 4. Nxd4 a6 5. Bd3 Bc5 6. Nb3 Be7 7. O-O d6 8. c4 Nf6 9. Nc3 O-O 10. Qe2 b6 11. f4 Nbd7 12. Bd2 Bb7 13. Rae1 Rc8 14. Kh1 e5 15. f5 Nc5 16. Nxc5 dxc5 17. Nd5 Re8 18. Rf3 Bxd5 19. cxd5 b5 20. b3 Qc7 21. Rc1 Nd7 22. Rh3 g6 23. Qg4 Qd6 24. Rf1 c4 25. bxc4 bxc4 26. Bc2 Nf6 27. Qf3 Rc7 28. g4 c3 29. Bc1 Bd8 30. g5 Nh5 31. f6 Rc4 32. Rxh5 gxh5 33. Qxh5 Qf8 34. Rf3 Kh8 35. Rh3 Qg8 36. Qe2 Rb4 37. Qxa6 Bb6 38. a3 Ra8 39. Qb7 Rb8 40. Qe7 Rb2 41. Rxc3 Bd4 42. Bxb2 Bxc3 43. Bxc3 Qxg5 44. Bxe5 Qc1+ 45. Kg2 Qxc2+ 46. Kh3 Rg8 47. Bg3 Qe2 48. Qxf7 Qg4+ 49. Kg2 Qe2+ 50. Kg1 Qe1+ 51. Kg2 Qe2+ 1/2-1/2

[Event "EYTCC Girls U18 2022"]
[Site "Thessaloniki"]
[Date "2022.07.15"]
[Round "4.6"]
[White "Kayis, Gulcan Sena"]
[Black "Marcinczyk, Monika"]
[Result "1-0"]
[ECO "B22"]
[WhiteElo "1682"]
[BlackElo "1991"]
[Annotator "ChessBase"]
[PlyCount "117"]
[EventDate "2022.07.12"]
[EventType "team-tourn"]
[EventCountry "GRE"]
[SourceTitle "playchess.com"]
[Source "ChessBase"]
[SourceQuality "1"]
[WhiteTeam "Turkey"]
[BlackTeam "Poland"]
[WhiteTeamCountry "TUR"]
[BlackTeamCountry "POL"]
[TimeControl "40/5400+30:1800+30"]

1. e4 c5 2. c3 Nf6 3. e5 Nd5 4. Nf3 Nc6 5. d4 cxd4 6. cxd4 d6 7. Bc4 Nb6 8. Bb5 dxe5 9. Nxe5 Bd7 10. Nxd7 Qxd7 11. Nc3 e6 12. O-O Be7 13. Qg4 Bf6 14. Rd1 a6 15. Bxc6 Qxc6 16. Be3 Nd5 17. Rac1 Nxc3 18. Rxc3 Qd5 19. b3 b6 20. Rc7 O-O 21. Qe2 Rfd8 22. Rd2 b5 23. Rc5 Qb7 24. h3 Rd7 25. a4 Be7 26. Rcc2 Qd5 27. Qd3 Bb4 28. Rd1 Rad8 29. f4 f6 30. Rf1 e5 31. fxe5 fxe5 32. Rf5 Qd6 33. axb5 exd4 34. Bf4 Qe7 35. Bg5 Qe1+ 36. Rf1 Qe5 37. Bxd8 Bd6 38. g3 Rxd8 39. bxa6 Qg5 40. Rf3 Qa5 41. Kg2 h6 42. Qxd4 Qxa6 43. Qc4+ Qxc4 44. bxc4 Rc8 45. Rf5 Bc5 46. Kf3 g6 47. Rd5 Kf7 48. Ke4 h5 49. Ra2 Be7 50. Kd3 Rb8 51. Rb5 Rd8+ 52. Ke4 Rd1 53. c5 Rc1 54. Kd5 Rd1+ 55. Kc6 Rd3 56. Re2 Bg5 57. Kb7 Rd7+ 58. Ka6 Bd8 59. Rb7 1-0

[Event "EYTCC Girls U18 2022"]
[Site "Thessaloniki"]
[Date "2022.07.15"]
[Round "4.7"]
[White "Levitan, Ronit"]
[Black "Sheikh, Anum"]
[Result "1/2-1/2"]
[ECO "B03"]
[WhiteElo "2084"]
[BlackElo "1799"]
[Annotator "ChessBase"]
[PlyCount "60"]
[EventDate "2022.07.12"]
[EventType "team-tourn"]
[EventCountry "GRE"]
[SourceTitle "playchess.com"]
[Source "ChessBase"]
[SourceQuality "1"]
[WhiteTeam "Israel"]
[BlackTeam "England"]
[WhiteTeamCountry "ISR"]
[BlackTeamCountry "ENG"]
[TimeControl "40/5400+30:1800+30"]

1. e4 Nf6 2. e5 Nd5 3. d4 Nb6 4. Nf3 d5 5. Bd3 Bg4 6. h3 Bxf3 7. Qxf3 e6 8. c3 c5 9. O-O Nc6 10. Be3 c4 11. Bc2 Be7 12. Nd2 Qc7 13. Qe2 a6 14. Rfb1 Na5 15. a4 Rb8 16. Rf1 Nd7 17. f4 g6 18. g4 Rg8 19. Kh1 b5 20. axb5 Rxb5 21. Ra2 Qb6 22. Rb1 Nb3 23. Ra4 Nxd2 24. Qxd2 Rxb2 25. Rxb2 Qxb2 26. Rxa6 Qb7 27. Ra1 Nb6 28. Qe2 Kd7 29. f5 Ra8 30. fxe6+ fxe6 1/2-1/2

[Event "EYTCC Girls U18 2022"]
[Site "Thessaloniki"]
[Date "2022.07.15"]
[Round "4.8"]
[White "Pert, Nina"]
[Black "Kochavi, Dana"]
[Result "0-1"]
[ECO "B15"]
[WhiteElo "1703"]
[BlackElo "1885"]
[Annotator "NA"]
[PlyCount "68"]
[EventDate "2022.07.12"]
[EventType "team-tourn"]
[EventCountry "GRE"]
[SourceTitle "playchess.com"]
[Source "ChessBase"]
[SourceQuality "1"]
[WhiteTeam "England"]
[BlackTeam "Israel"]
[WhiteTeamCountry "ENG"]
[BlackTeamCountry "ISR"]
[TimeControl "40/5400+30:1800+30"]

1. e4 c6 2. d4 d5 3. Nc3 dxe4 4. Nxe4 Nf6 5. Nxf6+ exf6 6. c3 Bd6 7. Bd3 O-O 8. Ne2 Re8 9. O-O Qc7 10. Qc2 Bxh2+ 11. Kh1 Bd6 12. Bxh7+ Kh8 13. Bd3 g6 14. c4 Kg7 15. f4 Bg4 16. Ng3 f5 17. c5 Be7 18. b4 Nd7 19. Bb2 Nf6 20. Bc4 Rad8 21. a4 Nd5 22. Bxd5 Rxd5 23. Ne2 Bf6 24. Rae1 Qe7 25. Nc1 Qxe1 26. Rxe1 Rxe1+ 27. Kh2 Re4 28. Nb3 Re2 29. Qc3 Bf3 30. Qxf3 Rxb2 31. Qd3 Ra2 32. Na5 Rxd4 33. Qf3 Rxb4 34. Nb3 Ra3 0-1

[Event "EYTCC Girls U18 2022"]
[Site "Thessaloniki"]
[Date "2022.07.15"]
[Round "4.9"]
[White "Alexandri, Dimitra"]
[Black "Rozmanec, Pia"]
[Result "1/2-1/2"]
[ECO "A52"]
[WhiteElo "1683"]
[BlackElo "1642"]
[Annotator "NA"]
[PlyCount "150"]
[EventDate "2022.07.12"]
[EventType "team-tourn"]
[EventCountry "GRE"]
[SourceTitle "playchess.com"]
[Source "ChessBase"]
[SourceQuality "1"]
[WhiteTeam "Greece"]
[BlackTeam "Slovenia"]
[WhiteTeamCountry "GRE"]
[BlackTeamCountry "SLO"]
[TimeControl "40/5400+30:1800+30"]

1. d4 Nf6 2. c4 e5 3. dxe5 Ng4 4. Bf4 Nc6 5. Nf3 Bb4+ 6. Nc3 Bxc3+ 7. bxc3 Qe7 8. Qd5 f6 9. exf6 Nxf6 10. Qd3 d6 11. e3 O-O 12. Be2 Bg4 13. O-O Qe4 14. Ng5 Bxe2 15. Qxe2 Qf5 16. Rab1 Ne4 17. Nxe4 Qxe4 18. Bg3 b6 19. Rbd1 Rf5 20. f3 Qe6 21. e4 Re8 22. Rd5 Ne7 23. Qd3 Rf6 24. Rb5 Ng6 25. Rd1 Nf4 26. Bxf4 Rxf4 27. Qd5 Rf6 28. Qxe6+ Rfxe6 29. Rbd5 Kf7 30. a4 a5 31. Kf2 Ke7 32. Rb5 Rf8 33. Re1 Kd7 34. Rg5 Rf7 35. Ke3 c6 36. Rb1 Kc7 37. Kd4 g6 38. h4 h6 39. Rg3 Rd7 40. Rb2 Rd8 41. Rh3 Rf6 42. Rh1 Rb8 43. Rf1 Rbf8 44. Rbf2 g5 45. hxg5 hxg5 46. g3 c5+ 47. Kd3 Rh6 48. Ke3 Rh3 49. Rg2 Kd7 50. Rd1 Rh6 51. Rb1 Kc7 52. Rgb2 Rhf6 53. Rf2 Rh6 54. Rd1 Rh3 55. Rg2 Rh6 56. Rd5 Rg6 57. Rh2 Rgf6 58. Rf2 Rg6 59. Rf5 Rh8 60. f4 gxf4+ 61. Kxf4 Rh3 62. Rf3 Rh1 63. g4 Ra1 64. g5 Rxa4 65. Rf6 Rg8 66. g6 Rxc4 67. Rf7+ Kc6 68. g7 d5 69. Kg5 Rxe4 70. Kg6 Ree8 71. Rf8 Rxg7+ 72. Kxg7 Rxf8 73. Rxf8 Kb5 74. Kf6 Kc4 75. Ke5 a4 1/2-1/2

[Event "EYTCC Girls U18 2022"]
[Site "Thessaloniki"]
[Date "2022.07.15"]
[Round "4.10"]
[White "Guid, Taja"]
[Black "Alexandri, Vasiliki"]
[Result "1-0"]
[ECO "C28"]
[WhiteElo "1479"]
[BlackElo "1527"]
[Annotator "NA"]
[PlyCount "107"]
[EventDate "2022.07.12"]
[EventType "team-tourn"]
[EventCountry "GRE"]
[SourceTitle "playchess.com"]
[Source "ChessBase"]
[SourceQuality "1"]
[WhiteTeam "Slovenia"]
[BlackTeam "Greece"]
[WhiteTeamCountry "SLO"]
[BlackTeamCountry "GRE"]
[TimeControl "40/5400+30:1800+30"]

1. e4 e5 2. Bc4 Nc6 3. Nc3 Nf6 4. d3 Bc5 5. f4 d6 6. Nf3 Bg4 7. Na4 Bxf3 8. Qxf3 Nd4 9. Qd1 Bb6 10. c3 Nc6 11. Nxb6 axb6 12. O-O h6 13. Be3 O-O 14. Qf3 Qd7 15. f5 Na5 16. Bd5 c6 17. Bb3 Nxb3 18. axb3 b5 19. Qg3 Kh7 20. Qh4 Qe7 21. g4 Nd5 22. f6 Nxf6 23. Rxa8 Rxa8 24. Bxh6 Rh8 25. Bxg7+ Kxg7 26. Qg5+ Kf8 27. Qxf6 Qxf6 28. Rxf6 Ke7 29. Rf3 d5 30. exd5 cxd5 31. Kg2 Ke6 32. Kg3 f6 33. h4 Rg8 34. Rf5 Rh8 35. h5 Rh7 36. Kh4 Rh8 37. Rf1 Rh7 38. Ra1 e4 39. d4 Kd6 40. Rf1 Ke6 41. Kg3 Rh8 42. Kf4 Rg8 43. Ra1 Kd6 44. Rh1 Ke6 45. Rg1 Rf8 46. Ra1 Kd6 47. Kf5 Rg8 48. h6 Rg5+ 49. Kxf6 Rxg4 50. Rh1 Rf4+ 51. Kg5 Rf8 52. h7 Rh8 53. Kf6 e3 54. Kg7 1-0

[Event "EYTCC Girls U18 2022"]
[Site "Thessaloniki"]
[Date "2022.07.15"]
[Round "4.11"]
[White "Dereka, Konstantina"]
[Black "Bondar, Daria"]
[Result "0-1"]
[ECO "E71"]
[WhiteElo "1451"]
[BlackElo "1566"]
[Annotator "NA"]
[PlyCount "64"]
[EventDate "2022.07.12"]
[EventType "team-tourn"]
[EventCountry "GRE"]
[SourceTitle "playchess.com"]
[Source "ChessBase"]
[SourceQuality "1"]
[WhiteTeam "Greece"]
[BlackTeam "Ukraine"]
[WhiteTeamCountry "GRE"]
[BlackTeamCountry "UKR"]
[TimeControl "40/5400+30:1800+30"]

1. d4 Nf6 2. c4 g6 3. Nc3 Bg7 4. e4 d6 5. h3 O-O 6. Nf3 Na6 7. Be3 c5 8. d5 e6 9. Bd3 exd5 10. exd5 Nb4 11. Bb1 b5 12. a3 Qa5 13. Nd2 bxc4 14. Nxc4 Qa6 15. axb4 Qxa1 16. bxc5 dxc5 17. Bxc5 Re8+ 18. Be3 Ba6 19. Bd3 Qxd1+ 20. Kxd1 Rad8 21. Bxa7 Ra8 22. Be3 Bxc4 23. Bxc4 Rxe3 24. fxe3 Ra1+ 25. Kd2 Rxh1 26. d6 Ra1 27. Bb5 Ra8 28. e4 Ne8 29. d7 Nc7 30. Bc6 Bxc3+ 31. bxc3 Rd8 32. c4 Ne6 0-1

[Event "EYTCC Girls U18 2022"]
[Site "Thessaloniki"]
[Date "2022.07.15"]
[Round "4.12"]
[White "Russeva, Viktoria"]
[Black "Kapia, Aggeliki"]
[Result "1-0"]
[ECO "C05"]
[WhiteElo "1866"]
[BlackElo "1230"]
[Annotator "NA"]
[PlyCount "65"]
[EventDate "2022.07.12"]
[EventType "team-tourn"]
[EventCountry "GRE"]
[SourceTitle "playchess.com"]
[Source "ChessBase"]
[SourceQuality "1"]
[WhiteTeam "Ukraine"]
[BlackTeam "Greece"]
[WhiteTeamCountry "UKR"]
[BlackTeamCountry "GRE"]
[TimeControl "40/5400+30:1800+30"]

1. e4 e6 2. d4 d5 3. Nd2 Nf6 4. e5 Nfd7 5. Bd3 c5 6. c3 Nc6 7. Ngf3 Qb6 8. dxc5 Bxc5 9. Qe2 Qc7 10. Nb3 Be7 11. Bf4 a6 12. O-O b5 13. Rfe1 Bb7 14. Nfd4 Nc5 15. Nxc6 Nxd3 16. Qxd3 Bxc6 17. Nd4 Bc5 18. a3 Qb6 19. b4 Be7 20. Qg3 Bf8 21. Re3 h6 22. Qg4 g5 23. Bg3 Ke7 24. h4 Rg8 25. Rf1 h5 26. Qxh5 g4 27. Bf4 Be8 28. Bg5+ Kd7 29. Qxg4 Bh6 30. f4 Bxg5 31. fxg5 Rc8 32. Kh1 Qc7 33. Rf6 1-0

[Event "EYTCC Girls U18 2022"]
[Site "Thessaloniki"]
[Date "2022.07.16"]
[Round "5.1"]
[White "Demeter, Dorina"]
[Black "Lehaci, Miruna-Daria"]
[Result "1-0"]
[ECO "D26"]
[WhiteElo "2176"]
[BlackElo "2193"]
[Annotator "ChessBase"]
[PlyCount "112"]
[EventDate "2022.07.12"]
[EventType "team-tourn"]
[EventCountry "GRE"]
[SourceTitle "playchess.com"]
[Source "ChessBase"]
[SourceQuality "1"]
[WhiteTeam "Hungary"]
[BlackTeam "Romania"]
[WhiteTeamCountry "HUN"]
[BlackTeamCountry "ROU"]
[TimeControl "40/5400+30:1800+30"]

1. Nf3 d5 2. d4 Nf6 3. c4 dxc4 4. e3 e6 5. Bxc4 c5 6. Nc3 cxd4 7. Qxd4 Qxd4 8. Nxd4 a6 9. Ke2 b5 10. Bb3 Bb7 11. Rd1 Nbd7 12. f3 h5 13. h4 Be7 14. e4 Nh7 15. Be3 Ne5 16. Rac1 Rc8 17. a4 b4 18. Nb1 O-O 19. Rxc8 Rxc8 20. Nxe6 a5 21. Bd4 Ba6+ 22. Ke3 Nc6 23. Bb6 Rb8 24. Bc7 Rc8 25. Bd6 Bf6 26. Nc5 Bd4+ 27. Rxd4 Nxd4 28. Kxd4 Bf1 29. g3 g5 30. Nd2 Bg2 31. e5 Kg7 32. Bd5 gxh4 33. gxh4 Nf8 34. Be7 Ng6 35. Bf6+ Kf8 36. Nc4 Nf4 37. Nd6 Rc7 38. Bd8 Nxd5 39. Kxd5 Bxf3+ 40. Kd4 Ra7 41. Nc4 Kg7 42. Bxa5 Kg6 43. Bxb4 Kf5 44. Bd2 Be2 45. b4 Ra8 46. b5 Kg4 47. Bg5 Rb8 48. Ne3+ Kh3 49. Nc4 Kg4 50. Be7 Re8 51. Bd6 Kxh4 52. b6 Bf3 53. Ne4 f5 54. Nf6 Re6 55. Nd5 Rg6 56. b7 Rg4+ 1-0

[Event "EYTCC Girls U18 2022"]
[Site "Thessaloniki"]
[Date "2022.07.16"]
[Round "5.2"]
[White "Obada, Ema"]
[Black "Juhasz, Judit"]
[Result "1-0"]
[ECO "B32"]
[WhiteElo "2042"]
[BlackElo "2037"]
[Annotator "ChessBase"]
[PlyCount "89"]
[EventDate "2022.07.12"]
[EventType "team-tourn"]
[EventCountry "GRE"]
[SourceTitle "playchess.com"]
[Source "ChessBase"]
[SourceQuality "1"]
[WhiteTeam "Romania"]
[BlackTeam "Hungary"]
[WhiteTeamCountry "ROU"]
[BlackTeamCountry "HUN"]
[TimeControl "40/5400+30:1800+30"]

1. e4 c5 2. Nf3 Nc6 3. d4 cxd4 4. Nxd4 Qb6 5. Nb3 Nf6 6. Nc3 e6 7. a3 a6 8. Bf4 Ne7 9. g3 Ng6 10. Bd2 Be7 11. f4 d5 12. e5 Nd7 13. Bd3 Nc5 14. Nxc5 Bxc5 15. Na4 Bf2+ 16. Kf1 Qc6 17. Kxf2 Qxa4 18. b3 Qc6 19. h4 b6 20. h5 Ne7 21. Qg4 Bb7 22. Rhe1 g6 23. Bb4 a5 24. a4 Ba6 25. Bxa6 Rxa6 26. Bxe7 Kxe7 27. Re2 Rg8 28. Qg5+ Ke8 29. Rd1 Qc5+ 30. Kg2 Qe7 31. Qh6 gxh5 32. Qxh7 Kf8 33. Qh6+ Ke8 34. Qxh5 Qb4 35. Qf3 b5 36. axb5 Qxb5 37. c4 Qb7 38. cxd5 Rb6 39. Rd3 exd5 40. Rc2 Rb5 41. f5 Rg5 42. Rdc3 Kd8 43. Rc6 Qb8 44. Qc3 Rxb3 45. Rc8+ 1-0

[Event "EYTCC Girls U18 2022"]
[Site "Thessaloniki"]
[Date "2022.07.16"]
[Round "5.3"]
[White "Kara, Gulce Nehir"]
[Black "Ruzic, Pia Marie"]
[Result "1-0"]
[ECO "C09"]
[WhiteElo "1907"]
[BlackElo "2025"]
[Annotator "ChessBase"]
[PlyCount "114"]
[EventDate "2022.07.12"]
[EventType "team-tourn"]
[EventCountry "GRE"]
[SourceTitle "playchess.com"]
[Source "ChessBase"]
[SourceQuality "1"]
[WhiteTeam "Turkey"]
[BlackTeam "Slovenia"]
[WhiteTeamCountry "TUR"]
[BlackTeamCountry "SLO"]
[TimeControl "40/5400+30:1800+30"]

1. e4 e6 2. d4 d5 3. Nd2 c5 4. Ngf3 Nc6 5. exd5 exd5 6. Bb5 cxd4 7. Nxd4 Bd7 8. N2f3 Bd6 9. O-O Nge7 10. Re1 O-O 11. Bd3 f6 12. c3 Ne5 13. Bc2 Bg4 14. h3 Bh5 15. g4 Bf7 16. Nh4 N7c6 17. f4 Nxd4 18. Qxd4 Qc7 19. Qf2 Nc4 20. Kh1 Bc5 21. Qg3 Rae8 22. Nf5 Rxe1+ 23. Qxe1 Re8 24. Qg3 d4 25. cxd4 Bd5+ 26. Kg1 Re2 27. Bd3 Bxd4+ 28. Nxd4 Rg2+ 29. Qxg2 Bxg2 30. Kxg2 Qc5 31. Bxc4+ Qxc4 32. Be3 h5 33. a3 Qd5+ 34. Kf2 Qd7 35. Rg1 Kf7 36. Rg3 hxg4 37. hxg4 Qd5 38. g5 fxg5 39. Rxg5 Qh1 40. Nf5 g6 41. Nd6+ Ke6 42. Rxg6+ Kd5 43. Nf5 Qh2+ 44. Rg2 Qh7 45. Ng3 a5 46. Kf3 b5 47. Rd2+ Kc4 48. f5 Qf7 49. Rd6 Qe7 50. Ne4 Kb3 51. Bd4 Qh4 52. Ng3 Qe7 53. Re6 Qd7 54. Re4 Qc6 55. f6 Qd5 56. Kf2 Kc2 57. Rf4 Qd8 1-0

[Event "EYTCC Girls U18 2022"]
[Site "Thessaloniki"]
[Date "2022.07.16"]
[Round "5.4"]
[White "Mihelic, Vesna"]
[Black "Kayis, Gulcan Sena"]
[Result "1/2-1/2"]
[ECO "C01"]
[WhiteElo "2029"]
[BlackElo "1682"]
[Annotator "ChessBase"]
[PlyCount "100"]
[EventDate "2022.07.12"]
[EventType "team-tourn"]
[EventCountry "GRE"]
[SourceTitle "playchess.com"]
[Source "ChessBase"]
[SourceQuality "1"]
[WhiteTeam "Slovenia"]
[BlackTeam "Turkey"]
[WhiteTeamCountry "SLO"]
[BlackTeamCountry "TUR"]
[TimeControl "40/5400+30:1800+30"]

1. e4 e6 2. d4 d5 3. exd5 exd5 4. Bd3 Nc6 5. c3 Bd6 6. Nf3 Nge7 7. O-O Bg4 8. Re1 Qd7 9. Nbd2 O-O-O 10. Qc2 f6 11. b4 Rde8 12. a4 Kb8 13. Ba3 Nc8 14. Bb5 Qf5 15. Qxf5 Bxf5 16. Nb3 Rxe1+ 17. Rxe1 N6e7 18. Nh4 Bc2 19. Na1 Be4 20. f3 Bg6 21. Nxg6 Nxg6 22. g3 h5 23. Bd3 Nge7 24. Nc2 c6 25. b5 Kc7 26. Bxd6+ Kxd6 27. Ne3 Kd7 28. Nf5 Rg8 29. Kf2 g6 30. Nxe7 Nxe7 31. Rb1 Kc7 32. a5 Nc8 33. g4 h4 34. f4 Nd6 35. bxc6 bxc6 36. Kf3 Kd7 37. Kg2 Ke7 38. Kh3 g5 39. fxg5 fxg5 40. Re1+ Kf6 41. Rf1+ Kg7 42. Re1 Kf6 43. Bf5 Nxf5 44. gxf5 Kxf5 45. Re7 Rb8 46. Rc7 Rb3 47. Rxc6 a6 48. Rc5 Rb2 49. Rc6 Rb3 50. Rc5 Rb2 1/2-1/2